[Event "Early-Titled-Tuesday-Blitz-August-29-2023"]
[Site "Chess.com"]
[Date "2023.08.29"]
[Round "3"]
[White "viktorgen2021"]
[Black "aranibos"]
[Result "1-0"]
[WhiteElo "2453"]
[BlackElo "2275"]
[TimeControl "180+1"]
[EndTime "8:26:35 PDT"]
[Termination "viktorgen2021 won by resignation"]

1. Nf3 Nf6 2. g3 d5 3. Bg2 c5 4. O-O Nc6 5. d3 Bg4 6. Nbd2 e6 7.
h3 Bh5 8. e4 Be7 9. c3 dxe4 10.
dxe4 O-O 11. Qe2 Qc7 12. Nc4 Rad8 13. Bf4 Qc8 14. Rad1 Rxd1 15. Rxd1 Rd8 16. Bd6 Bxd6 17. Nxd6 Qc7 18. e5 Nd5 19. c4 Ndb4 20. a3 Na6 21. g4 Bg6 22. Rd2 h6 23. Nh4 Nd4 24. Qe3 Rb8 25. Nxg6 fxg6 26. Nb5 Qb6 27. Nxd4 cxd4 28.
Qxd4 Rf8 29. Qxb6 axb6 30. b4 Rf7 31. Rd6 Nc7 32. Rxb6 Rd7 33. Rxb7 Rd1+ 34. Kh2 Ne8 35. Rb8 Kf7 36. Bc6 1-0

[Event "Early-Titled-Tuesday-Blitz-August-29-2023"]
[Site "Chess.com"]
[Date "2023.08.29"]
[Round "3"]
[White "vi_pranav"]
[Black "twofoxniel"]
[Result "1-0"]
[WhiteElo "2995"]
[BlackElo "2658"]
[TimeControl "180+1"]
[EndTime "8:26:36 PDT"]
[Termination "vi_pranav won by resignation"]

1. d4 d5 2. Bf4 c6 3. e3 Qb6 4. Qc1 Bf5 5. Nd2 Nd7 6. Ngf3 e6 7. c4 Ngf6 8. Be2 Be7 9. O-O O-O 10. a3 Rfe8 11.
b4 Ne4 12. Nxe4 Bxe4 13. c5 Qd8 14. b5 Qa5 15. bxc6 bxc6 16. Nd2 e5 17. dxe5 Nxc5 18. Nxe4 dxe4 19. Bc4 Rad8 20. h3 Qa4 21. Qc3 Nd3 22.
Bg3 c5 23. Rab1 h6 24. Bb5 1-0

[Event "Early-Titled-Tuesday-Blitz-August-29-2023"]
[Site "Chess.com"]
[Date "2023.08.29"]
[Round "3"]
[White "bascheyaro"]
[Black "ejam94"]
[Result "1-0"]
[WhiteElo "2808"]
[BlackElo "2552"]
[TimeControl "180+1"]
[EndTime "8:26:36 PDT"]
[Termination "bascheyaro won by resignation"]

1. d4 Nf6 2. Nf3 g6 3. Bf4 Bg7 4. e3 O-O 5. Be2 Nh5 6. Be5 f6 7. Bg3 Nxg3 8. hxg3 d5 9. c4 c5 10. cxd5 Qxd5 11. Qc2 Be6 12. Nc3 Qd7 13. dxc5 Nc6 14. Rd1 Qc7 15. Nd4 Nxd4 16. exd4 b6 17. Nb5 Qd7 18.
c6 Qd5 19. Nc7 Qxg2 20. Rf1 Bf5 21. Qb3+ Kh8 22. Bf3 Qh3 23. Rh1 1-0

[Event "Early-Titled-Tuesday-Blitz-August-29-2023"]
[Site "Chess.com"]
[Date "2023.08.29"]
[Round "3"]
[White "Pax-Pramana"]
[Black "Aygehovit1992"]
[Result "0-1"]
[WhiteElo "2474"]
[BlackElo "2739"]
[TimeControl "180+1"]
[EndTime "8:26:44 PDT"]
[Termination "Aygehovit1992 won by resignation"]

1. d4 Nf6 2. Bg5 d5 3. Nf3 c5 4. e3 Nc6 5. Nbd2 Bg4 6. h3 Bxf3 7. Nxf3 e6 8. c3 Qb6 9. Qb3 Ne4 10. Bf4 c4 11. Qc2 Qa5 12. Bxc4 Nxf2 13. Kxf2 dxc4 14. e4 Be7 15. Nd2 b5 16. Rhf1 e5 17. dxe5 Qb6+ 18. Kg3 g5 19. Bxg5 Bxg5 20. Nf3 Rg8 21. Nxg5 Rxg5+ 22. Kh4 Rg6 23. g4 Nxe5 24. Rf5 Rh6+ 25. Kg5 Nd3 0-1

[Event "Early-Titled-Tuesday-Blitz-August-29-2023"]
[Site "Chess.com"]
[Date "2023.08.29"]
[Round "3"]
[White "Romkachess"]
[Black "kleinebeer98"]
[Result "1-0"]
[WhiteElo "2553"]
[BlackElo "2765"]
[TimeControl "180+1"]
[EndTime "8:26:55 PDT"]
[Termination "Romkachess won by resignation"]

1. e4 e5 2. Bc4 Nf6 3. d3 c6 4.
Nf3 d5 5. Bb3 a5 6. a4 Bb4+ 7.
Bd2 O-O 8. O-O Re8 9. Re1 Bg4 10. h3 Bxf3 11. Qxf3 dxe4 12. dxe4 Bxd2 13. Rd1 Qd4 14. Nxd2 Na6 15. Nc4 Qxe4 16. Qxe4 Nxe4 17. Nxa5 Nac5 18. Nc4 Nxb3 19. cxb3 Nc5 20. Ra3 f6 21. Nb6 Rad8 22. Rxd8 Rxd8 23. b4 Rd1+ 24. Kh2 Nd3 25. Kg3 Nxb2 26.
f3 f5 27. Rb3 Nd3 28. Nc4 Kf7 29. Rxd3 1-0

[Event "Early-Titled-Tuesday-Blitz-August-29-2023"]
[Site "Chess.com"]
[Date "2023.08.29"]
[Round "3"]
[White "expii"]
[Black "RIPOL"]
[Result "0-1"]
[WhiteElo "2268"]
[BlackElo "2445"]
[TimeControl "180+1"]
[EndTime "8:26:55 PDT"]
[Termination "RIPOL won by resignation"]

1. e4 Nf6 2. e5 Nd5 3. d4 d6 4. c4 Nb6 5. exd6 cxd6 6. Nc3 g6 7. Nf3 Bg7 8. Be2 O-O 9. O-O Nc6 10.
b3 Bg4 11. Be3 d5 12. c5 Nc8 13. a3 e6 14. b4 a6 15. Rb1 N8e7 16. Qd2 Bxf3 17.
Bxf3 Nf5 18. Rfd1 Ncxd4 19. Bxd4 Nxd4 20. Qe3 Qf6 21. Ne2 Nxf3+ 22. Qxf3 Qxf3 23. gxf3 Rfc8 24. Rdc1 Kf8 25. f4 Ke7 26. Nc3 Bh6 27. Na4 Bxf4 28. Rd1 Bc7 29. Re1 Kd7 30. Nc3 Bf4 31. Na4 Bc7 32.
Rbd1 Kc6 33. Nc3 a5 34. Ra1 b6 35. Rac1 bxc5 36. bxc5 a4 37. Red1 Rcb8 0-1

[Event "Early-Titled-Tuesday-Blitz-August-29-2023"]
[Site "Chess.com"]
[Date "2023.08.29"]
[Round "3"]
[White "tetrix83"]
[Black "KevinGeorgeMicheal"]
[Result "1-0"]
[WhiteElo "2530"]
[BlackElo "2143"]
[TimeControl "180+1"]
[EndTime "8:26:58 PDT"]
[Termination "tetrix83 won by resignation"]

1. e4 c6 2. d4 d5 3. exd5 cxd5 4. Bd3 Nc6 5. c3 Nf6 6. h3 e5 7. dxe5 Nxe5 8. Nf3 Nxd3+ 9. Qxd3 Be7 10. O-O O-O 11.
Be3 Be6 12. Nbd2 Qc7 13. Bd4 Rfd8 14. Rfe1 a6 15. Ng5 h6 16. Nxe6 fxe6 17. Rxe6 Kf7 18. Rae1 Re8 19. Bxf6 Bxf6 20. Rxe8 Rxe8 21. Qxd5+ Kf8 22.
Rxe8+ Kxe8 23. Ne4 Qe7 24. Qxb7 Qxb7 25. Nd6+ Kd7 26. Nxb7 Kc6 27. Na5+ Kb5 28. Nb3 Kc4 29.
Kf1 Kd3 30. Nc5+ Kc2 31. b4 Bxc3 32. Nxa6 Kb2 33. b5 Bd4 34. a4 Ka3 35. a5 Ka4 36. b6 Kxa5 37. b7 Ba7 38. b8=Q Bxb8 39. Nxb8 1-0

[Event "Early-Titled-Tuesday-Blitz-August-29-2023"]
[Site "Chess.com"]
[Date "2023.08.29"]
[Round "3"]
[White "MBA_CHESS_2021"]
[Black "Forge13"]
[Result "1-0"]
[WhiteElo "2286"]
[BlackElo "2666"]
[TimeControl "180+1"]
[EndTime "8:27:00 PDT"]
[Termination "MBA_CHESS_2021 won by resignation"]

1. d4 Nf6 2. c4 d6 3. Nc3 e5 4.
dxe5 dxe5 5. Qxd8+ Kxd8 6. Bg5 Be7 7. O-O-O+ Nfd7 8. Bxe7+ Kxe7 9. Nd5+ Kd8 10. Nf3 f6 11.
g3 c6 12. Ne3 g6 13. h4 h5 14. g4 hxg4 15. Nxg4 Ke7 16. Bh3 Na6 17. Rdg1 Nf8 18. Ne3 Nc5 19. Bxc8 Rxc8 20. h5 Rxh5 21. Rxh5 gxh5 22.
Rg7+ Ke6 23. Nh4 Rd8 24. Nhf5 Rd7 25. Rg8 Nh7 26. Re8+ Kf7 27. Rh8 Kg6 28. Rg8+ Kf7 29. Nh6+ Ke6 30. Nef5 Rc7 31. Re8+ Kd7 32. Re7+ Kd8 33.
Nf7+ Kc8 34. N5d6+ 1-0

[Event "Early-Titled-Tuesday-Blitz-August-29-2023"]
[Site "Chess.com"]
[Date "2023.08.29"]
[Round "3"]
[White "Blackwhite017"]
[Black "Bilan_Danila"]
[Result "0-1"]
[WhiteElo "1996"]
[BlackElo "2525"]
[TimeControl "180+1"]
[EndTime "8:27:01 PDT"]
[Termination "Bilan_Danila won by checkmate"]

1. e4 c6 2. Nf3 d5 3. exd5 cxd5 4. Ne5 Nc6 5. d4 Nf6 6. c3 e6 7. Bd3 Bd6 8. f4 Ne4 9. Nd2 Qh4+ 10. g3 Nxg3 11. Ndf3 Qh3 12. Rg1 Nh5 13. Nxf7 Bxf4 14. Nxh8 e5 15. Nxe5 Nxe5 16. dxe5 Qh4+ 17. Kf1 Bh3+ 18. Rg2 Bxg2+ 19. Kxg2 Qxh2+ 20. Kf3 Qg3+ 21. Ke2 Qg2+ 22. Ke1 Bg3# 0-1

[Event "Early-Titled-Tuesday-Blitz-August-29-2023"]
[Site "Chess.com"]
[Date "2023.08.29"]
[Round "3"]
[White "Dewarfd"]
[Black "MrAnnihilation"]
[Result "0-1"]
[WhiteElo "2199"]
[BlackElo "2424"]
[TimeControl "180+1"]
[EndTime "8:27:02 PDT"]
[Termination "MrAnnihilation won by resignation"]

1. d4 Nf6 2. e3 g6 3. Nf3 Bg7 4. Be2 O-O 5. b4 a5 6. b5 c5 7. bxc6 bxc6 8. c4 c5 9. O-O cxd4 10. exd4 d6 11. Bb2 Ba6 12. Nbd2 Nbd7 13. Rb1 Qc7 14. Qc2 Rac8 15. Rfc1 Rfe8 16. Qa4 e5 17. dxe5 dxe5 18. Bf1 Nc5 19. Qc2 e4 20. Nd4 e3 21.
fxe3 Ng4 22. N2f3 Nxe3 23. Qf2 Bh6 24. Re1 Nxc4 25. Rxe8+ Rxe8 26. Ba1 Be3 0-1

[Event "Early-Titled-Tuesday-Blitz-August-29-2023"]
[Site "Chess.com"]
[Date "2023.08.29"]
[Round "3"]
[White "snowlord"]
[Black "chess94cu"]
[Result "1-0"]
[WhiteElo "2912"]
[BlackElo "2704"]
[TimeControl "180+1"]
[EndTime "8:27:05 PDT"]
[Termination "snowlord won by resignation"]

1. e4 d6 2. Nc3 Nf6 3. d4 Nbd7 4. f4 e5 5. Nf3 exd4 6. Qxd4 c6 7. Bd2 d5 8. exd5 Bc5 9. Qd3 O-O 10. O-O-O Re8 11. Ng5 h6 12. Nge4 Nxe4 13. Nxe4 Qb6 14.
Kb1 cxd5 15. Qxd5 Bf8 16. Bc4 Re7 17. Bc3 Nb8 18. f5 Bd7 19. f6 Re6 20. fxg7 Bxg7 21. Bxg7 Kxg7 22. Qd4+ Qxd4 23. Rxd4 Bc6 24. Bxe6 fxe6 25.
Nc5 b6 26. Nxe6+ Kf6 27. Nc7 1-0

[Event "Early-Titled-Tuesday-Blitz-August-29-2023"]
[Site "Chess.com"]
[Date "2023.08.29"]
[Round "3"]
[White "atalz0"]
[Black "Zampronha1971"]
[Result "1-0"]
[WhiteElo "2491"]
[BlackElo "2292"]
[TimeControl "180+1"]
[EndTime "8:27:10 PDT"]
[Termination "atalz0 won by resignation"]

1. d4 Nf6 2. c4 e6 3. Nc3 Bb4 4. Qc2 O-O 5. e4 d5 6. e5 Ne4 7. Bd3 c5 8. Nf3 Nc6 9. O-O cxd4 10. Nxe4 dxe4 11. Bxe4 h6 12. a3 Be7 13. Rd1 Qc7 14.
Bxc6 bxc6 15. c5 Rd8 16. b4 a5 17. Bb2 axb4 18. axb4 Rxa1 19. Bxa1 Bb7 20. Rxd4 Ra8 21. Bb2 Bc8 22. h4 Qb7 23. Bc3 Qb5 24. Qd2 Bf8 25. h5 Ra3 26. Rd8 Ba6 27. Qd6 1-0

[Event "Early-Titled-Tuesday-Blitz-August-29-2023"]
[Site "Chess.com"]
[Date "2023.08.29"]
[Round "3"]
[White "BilodeauA"]
[Black "suyu28"]
[Result "1-0"]
[WhiteElo "2942"]
[BlackElo "2734"]
[TimeControl "180+1"]
[EndTime "8:27:15 PDT"]
[Termination "BilodeauA won by resignation"]

1. e4 c6 2. d4 d5 3. exd5 cxd5 4. Bd3 Nc6 5. c3 Qc7 6. h3 e6 7. Nf3 Bd6 8. O-O Nge7 9. Re1 O-O 10. b3 Bd7 11. c4 dxc4 12. bxc4 Bf4 13. Nc3 Bxc1 14. Rxc1 Nb4 15. Bb1 Ng6 16. a3 Na6 17. Nb5 Qb6 18. a4 Rfd8 19. h4 Bc6 20. h5 Nf8 21. h6 g6 22. Qe2 Nc7 23. Nxc7 Qxc7 24. d5 Bxa4 25.
Qb2 f5 26. dxe6 Qe7 27. Ng5 Bc6 28. Rcd1 Rxd1 29. Rxd1 Re8 30. Re1 a5 31. c5 a4 32.
Nf7 Nxe6 33. Nd6 Rf8 34. Rxe6 1-0

[Event "Early-Titled-Tuesday-Blitz-August-29-2023"]
[Site "Chess.com"]
[Date "2023.08.29"]
[Round "3"]
[White "djano"]
[Black "abhidabhi"]
[Result "0-1"]
[WhiteElo "2518"]
[BlackElo "2907"]
[TimeControl "180+1"]
[EndTime "8:27:16 PDT"]
[Termination "abhidabhi won by resignation"]

1. e4 e6 2. d4 d5 3. Bd3 dxe4 4. Bxe4 Nf6 5. Bf3 c5 6. Ne2 Nc6 7. Be3 cxd4 8. Nxd4 Ne5 9. Nc3 Bb4 10. Nb5 O-O 11. O-O Nxf3+ 12. Qxf3 Bd7 13. Rad1 a6 14. Nd6 Bc6 15.
Qg3 Qc7 16. Nde4 Qxg3 17. Nxf6+ gxf6 18. hxg3 Rac8 19. Ne2 Bb5 20. Nd4 Bxf1 21. Kxf1 Rfd8 22. c3 Bc5 23. Re1 f5 24. Ke2 b5 25. a3 Rd5 26.
Rh1 Kg7 27. f4 Bxd4 28. Bxd4+ Rxd4 29. cxd4 Rc2+ 30. Kf3 Rxb2 31. Rd1 Rb3+ 32. Kf2 Rxa3 33. d5 exd5 34. Rxd5 Rb3 35. Rxf5 a5 36. Rc5 a4 37.
Rc6 a3 38. Ra6 b4 39. g4 Rb2+ 40. Kg3 a2 41. f5 b3 42. f6+ Kg6 0-1

[Event "Early-Titled-Tuesday-Blitz-August-29-2023"]
[Site "Chess.com"]
[Date "2023.08.29"]
[Round "3"]
[White "Let_it_be_1"]
[Black "fabianvivasz"]
[Result "1-0"]
[WhiteElo "2622"]
[BlackElo "2431"]
[TimeControl "180+1"]
[EndTime "8:27:16 PDT"]
[Termination "Let_it_be_1 won on time"]

1. e4 c5 2. Nf3 d6 3. d4 cxd4 4. Nxd4 Nf6 5. Nc3 g6 6. Be3 Bg7 7. f3 O-O 8. Qd2 Nc6 9. Bc4 Nxd4 10. Bxd4 Be6 11. Bxe6 fxe6 12. O-O-O Qa5 13. Kb1 b5 14. Ne2 b4 15. a3 Rab8 16. axb4 Qxb4 17. Qxb4 Rxb4 18.
c3 Rb7 19. Kc2 a5 20. Ra1 Rfb8 21. Rhb1 Rb5 22. b3 Rc8 23. Kd3 Nd7 24. c4 Nc5+ 25. Kc3 1-0

[Event "Early-Titled-Tuesday-Blitz-August-29-2023"]
[Site "Chess.com"]
[Date "2023.08.29"]
[Round "3"]
[White "JoshuaGK27"]
[Black "yuki_chess123"]
[Result "1-0"]
[WhiteElo "2424"]
[BlackElo "2200"]
[TimeControl "180+1"]
[EndTime "8:27:16 PDT"]
[Termination "JoshuaGK27 won by checkmate"]

1. e4 c5 2. Nf3 Nc6 3. d4 cxd4 4.
Nxd4 Nf6 5. Nc3 d6 6. Bg5 Bd7 7.
Qd2 Nxd4 8. Qxd4 Qa5 9. Bd2 e5 10. Qd3 Qb6 11. O-O-O Qxf2 12. Be3 Qh4 13. Nb5 Bxb5 14.
Qxb5+ Nd7 15. Qxb7 Rb8 16. Qd5 Be7 17. Bb5 Rxb5 18. Qxb5 Bg5 19. Bxg5 Qxg5+ 20. Kb1 Ke7 21. g3 Rb8 22. Qd5 Qg6 23. Rhf1 Rb6 24. a4 Nc5 25. a5 Rb5 26. Rxf7+ Qxf7 27. Qxd6+ Ke8 28. Qd8# 1-0

[Event "Early-Titled-Tuesday-Blitz-August-29-2023"]
[Site "Chess.com"]
[Date "2023.08.29"]
[Round "3"]
[White "esteban062000"]
[Black "arenal72"]
[Result "0-1"]
[WhiteElo "2149"]
[BlackElo "2533"]
[TimeControl "180+1"]
[EndTime "8:27:17 PDT"]
[Termination "arenal72 won by resignation"]

1. e4 Nc6 2. d4 d5 3. e5 Bf5 4.
Nf3 Qd7 5. Bd3 O-O-O 6. Be3 f6 7. c3 g5 8. Bb5 h5 9. Qa4 a6 10. Bxc6 Qxc6 11. Qxc6 bxc6 12. exf6 exf6 13. O-O h4 14. Nbd2 Ne7 15. Nb3 Ng6 16. Nc5 g4 17. Nd2 Bxc5 18. dxc5 Ne5 19. Bd4 h3 20. Bxe5 fxe5 21. Rfe1 Rde8 22.
Re3 hxg2 23. Rae1 e4 24. Kxg2 Rh3 25. Nb3 Reh8 26. Rxh3 gxh3+ 27. Kg3 Rg8+ 28. Kf4 Bd7 29. Re3 Rg2 30. Re2 Rxh2 31. Nd4 Rg2 32. Ke3 h2 33. Re1 Rg1 0-1

[Event "Early-Titled-Tuesday-Blitz-August-29-2023"]
[Site "Chess.com"]
[Date "2023.08.29"]
[Round "3"]
[White "madmax011"]
[Black "Jackalhead_Anubis"]
[Result "1-0"]
[WhiteElo "2295"]
[BlackElo "2451"]
[TimeControl "180+1"]
[EndTime "8:27:17 PDT"]
[Termination "madmax011 won by checkmate"]

1. d4 Nf6 2. c4 e6 3. Nc3 Bb4 4. Qc2 c5 5. dxc5 O-O 6. a3 Bxc5 7. b4 Bd4 8. Nf3 Nc6 9. e3 Be5 10. Nxe5 Nxe5 11. Bb2 Qc7 12. c5 a6 13. Be2 Ng6 14. O-O d5 15. cxd6 Qxd6 16. Rfd1 Qc7 17. Rac1 Kh8 18.
Qb3 Qe7 19. Na4 Nd5 20. Bf3 b5 21. Nc5 Rb8 22. Bxd5 exd5 23. Qxd5 Bg4 24. Qd4 f5 25. f3 Rbd8 26. Qc3 Rxd1+ 27. Rxd1 Bh5 28. Ne6 Rg8 29.
Nxg7 Rxg7 30. Qxg7+ Qxg7 31. Rd8+ Nf8 32. Rxf8# 1-0

[Event "Early-Titled-Tuesday-Blitz-August-29-2023"]
[Site "Chess.com"]
[Date "2023.08.29"]
[Round "3"]
[White "Doraemon7"]
[Black "mistrzemi"]
[Result "1-0"]
[WhiteElo "2645"]
[BlackElo "2439"]
[TimeControl "180+1"]
[EndTime "8:27:18 PDT"]
[Termination "Doraemon7 won on time"]

1. d4 d5 2. c4 e6 3. Nf3 Nf6 4. g3 Bb4+ 5. Nc3 Be7 6. Bg2 c6 7. O-O Nbd7 8. Qd3 Ne4 9. Nxe4 dxe4 10. Qxe4 Nf6 11. Qc2 O-O 12. Rd1 Qc7 13. Bf4 Bd6 14.
Bxd6 Qxd6 15. e4 Nd7 16. e5 Qe7 17. Qe4 Nb6 18. Bf1 h6 19. Bd3 g6 20. h4 Bd7 21. h5 Be8 22. Qe3 Kh7 23. Nh2 Kg7 24. Ng4 Qg5 25. Qe4 Qxh5 26. Nf6 Qf5 27. Qe3 Qg5 28.
f4 1-0

[Event "Early-Titled-Tuesday-Blitz-August-29-2023"]
[Site "Chess.com"]
[Date "2023.08.29"]
[Round "3"]
[White "YairParkhov"]
[Black "mbojan"]
[Result "0-1"]
[WhiteElo "2676"]
[BlackElo "2896"]
[TimeControl "180+1"]
[EndTime "8:27:20 PDT"]
[Termination "mbojan won by resignation"]

1. e4 g6 2. d4 Nf6 3. e5 Nh5 4. Nf3 d6 5. Bc4 Nc6 6. Qe2 dxe5 7. Nxe5 Nxe5 8. dxe5 Qd4 9. e6 Bxe6 10. Bxe6 fxe6 11.
O-O O-O-O 12. Nc3 Bg7 13. Qxe6+ Qd7 14. Qb3 Bd4 15. a4 Rhf8 16. Bh6 Rf5 17. Nb5 Bxf2+ 18. Kh1 Ng3+ 19. Qxg3 Bxg3 20. Rxf5 Qxf5 21. hxg3 Qh5+ 0-1

[Event "Early-Titled-Tuesday-Blitz-August-29-2023"]
[Site "Chess.com"]
[Date "2023.08.29"]
[Round "3"]
[White "Kostya0705"]
[Black "Boundless_Strike"]
[Result "0-1"]
[WhiteElo "2653"]
[BlackElo "2506"]
[TimeControl "180+1"]
[EndTime "8:27:20 PDT"]
[Termination "Boundless_Strike won by resignation"]

1. e4 d6 2. d4 e5 3. Nf3 Bg4 4. dxe5 Nc6 5. exd6 Bxd6 6. Be2 Qe7 7. h3 Bh5 8. Nbd2 O-O-O 9. c3 Nf6 10. Qc2 Rhe8 11. O-O Nxe4 12. Nxe4 Qxe4 13. Bd3 Qd5 14. Bxh7 g6 15.
Bg5 Bxf3 16. Bxd8 Qe5 17. g3 Rxd8 18. Rfe1 Qh5 19. Re3 Ne5 20. h4 Qg4 21. Kh2 Rh8 22. Qd2 Rxh7 23. Qd4 Rxh4+ 0-1

[Event "Early-Titled-Tuesday-Blitz-August-29-2023"]
[Site "Chess.com"]
[Date "2023.08.29"]
[Round "3"]
[White "SaqoChess_Twitch"]
[Black "Tsyhanchuk_Stanislav"]
[Result "1-0"]
[WhiteElo "2617"]
[BlackElo "2425"]
[TimeControl "180+1"]
[EndTime "8:27:20 PDT"]
[Termination "SaqoChess_Twitch won by resignation"]

1. d4 Nf6 2. c4 e6 3. Nc3 Bb4 4. a3 Bxc3+ 5. bxc3 O-O 6. e3 b6 7. Bd3 Bb7 8. f3 Nh5 9. Nh3 f5 10. O-O d6 11. a4 c5 12. a5 Nc6 13. axb6 axb6 14.
Rxa8 Bxa8 15. d5 exd5 16. cxd5 Ne5 17. Be2 Nf6 18. c4 h6 19. Nf4 Re8 20. Ne6 Qe7 21. Bb2 Ned7 22. e4 fxe4 23. fxe4 Nf8 24. Bxf6 gxf6 25.
Bg4 Bb7 26. Nxf8 Rxf8 27. Be6+ Kh8 28. Qh5 Qg7 29. Rf3 Qg5 30. Qxg5 hxg5 31. Rb3 Bc8 32. Bxc8 Rxc8 33. Rxb6 Rd8 34. Kf2 Kg7 35. Kf3 Kf7 36. h3 Ke7 37. Rb7+ Kf8 38. Kg4 Re8 39. Kf5 1-0

[Event "Early-Titled-Tuesday-Blitz-August-29-2023"]
[Site "Chess.com"]
[Date "2023.08.29"]
[Round "3"]
[White "YEIKO2017"]
[Black "Dedic8"]
[Result "0-1"]
[WhiteElo "2456"]
[BlackElo "2829"]
[TimeControl "180+1"]
[EndTime "8:27:21 PDT"]
[Termination "Dedic8 won by resignation"]

1. e4 e5 2. Nf3 Nc6 3. Bb5 a6 4. Ba4 Nf6 5. d4 exd4 6. O-O Be7 7. Re1 O-O 8. e5 Nd5 9. Nxd4 Nb6 10. Bb3 d5 11. c3 Nxd4 12. cxd4 c5 13. dxc5 Bxc5 14. Nc3 Be6 15. Bc2 Qh4 16. Qf3 f6 17. g3 fxe5 18. Qxf8+ Rxf8 19. gxh4 Bxf2+ 20. Kf1 Bh3+ 21. Ke2 Bg4+ 22.
Kf1 Bxh4+ 23. Kg2 Bxe1 24. Be3 Bh3+ 25. Kxh3 Rf3+ 26. Kg2 Rxe3 27. Nd1 Re2+ 0-1

[Event "Early-Titled-Tuesday-Blitz-August-29-2023"]
[Site "Chess.com"]
[Date "2023.08.29"]
[Round "3"]
[White "Jackleterrible"]
[Black "Xavier_mompel"]
[Result "1-0"]
[WhiteElo "2497"]
[BlackElo "2302"]
[TimeControl "180+1"]
[EndTime "8:27:21 PDT"]
[Termination "Jackleterrible won by resignation"]

1. e4 c5 2. Nf3 e6 3. d4 cxd4 4. Nxd4 Nc6 5. Nc3 Qc7 6. Be3 a6 7. Qf3 b5 8. Nxc6 Qxc6 9. O-O-O Bb7 10. Bd3 Nf6 11. Bd4 Be7 12. Qg3 O-O 13. e5 Nh5 14.
Qg4 g6 15. Be4 Qc7 16. Bxb7 Qxb7 17. Ne4 Rac8 18. Kb1 Qc6 19. c3 f5 20. exf6 Nxf6 21. Bxf6 Bxf6 22. Rd6 Qb7 23. Rhd1 Rcd8 24. Nc5 Qc7 25.
Nxd7 Kg7 26. Nxf8 Rxd6 27. Nxe6+ Rxe6 28. Qxe6 Qf4 29. Qd7+ Kh6 30. Qd2 1-0

[Event "Early-Titled-Tuesday-Blitz-August-29-2023"]
[Site "Chess.com"]
[Date "2023.08.29"]
[Round "3"]
[White "frequentblunders"]
[Black "ChainedDowntohell"]
[Result "0-1"]
[WhiteElo "2126"]
[BlackElo "2534"]
[TimeControl "180+1"]
[EndTime "8:27:22 PDT"]
[Termination "ChainedDowntohell won by resignation"]

1. d3 Nf6 2. Nf3 d5 3. g3 Bg4 4.
Nbd2 Nbd7 5. Bg2 e5 6. O-O c6 7. e4 dxe4 8. dxe4 Bc5 9. h3 Bh5 10. Qe2 O-O 11. c3 a5 12. a4 Qc7 13. g4 Bg6 14.
Nc4 Ne8 15. Be3 Bxe3 16. Qxe3 Nd6 17. Nfd2 Rfd8 18. Rfd1 Nxc4 19. Nxc4 Nf8 20. f3 Ne6 21. Bf1 b5 22. Na3 b4 23. Nc4 Rab8 24. Rd2 Rxd2 25.
Qxd2 bxc3 26. Qxc3 Nd4 27. Kf2 Rb3 28. Qxa5 Rxf3+ 29. Kg1 Qxa5 30. Nxa5 Bxe4 31. Bg2 Rg3 0-1

[Event "Early-Titled-Tuesday-Blitz-August-29-2023"]
[Site "Chess.com"]
[Date "2023.08.29"]
[Round "3"]
[White "AlejandroArias"]
[Black "Giorno"]
[Result "1-0"]
[WhiteElo "2304"]
[BlackElo "2467"]
[TimeControl "180+1"]
[EndTime "8:27:22 PDT"]
[Termination "AlejandroArias won by checkmate"]

1. e4 c5 2. Nf3 e6 3. g3 Nc6 4. Bg2 d5 5. exd5 exd5 6. d4 Nf6 7. O-O Be7 8. dxc5 O-O 9. Nc3 Bxc5 10. Bg5 d4 11. Ne4 Be7 12. Bxf6 Bxf6 13. Ne1 Re8 14. Nd3 Bf5 15. Nec5 Qb6 16. Qf3 Bxd3 17. Nxd3 Re7 18.
Rfe1 Rae8 19. Rxe7 Rxe7 20. h4 Ne5 21. Nxe5 Qxb2 22.
Re1 Rxe5 23. Rxe5 Bxe5 24. Qf5 Bd6 25. Bd5 h6 26. Qxf7+ Kh7 27. Be4+ Kh8 28. Qe8+ Bf8 29. Qxf8# 1-0

[Event "Early-Titled-Tuesday-Blitz-August-29-2023"]
[Site "Chess.com"]
[Date "2023.08.29"]
[Round "3"]
[White "JiiHart"]
[Black "Onthequiet"]
[Result "1-0"]
[WhiteElo "2114"]
[BlackElo "2370"]
[TimeControl "180+1"]
[EndTime "8:27:22 PDT"]
[Termination "JiiHart won on time"]

1. e4 c5 2. c3 Nf6 3. e5 Nd5 4. d4 cxd4 5. Nf3 e6 6. cxd4 Nc6 7. Nc3 Nb6 8. Bd3 d6 9. O-O dxe5 10. dxe5 Be7 11.
Qe2 O-O 12. Qe4 g6 13. Bh6 Re8 14. Rfd1 Nd5 15. Rac1 a6 16. Bb1 Bd7 17. h4 Ncb4 18.
h5 Rc8 19. hxg6 fxg6 20. Qg4 b5 21. Bxg6 1-0

[Event "Early-Titled-Tuesday-Blitz-August-29-2023"]
[Site "Chess.com"]
[Date "2023.08.29"]
[Round "3"]
[White "VerdeNotte"]
[Black "Kubas1010"]
[Result "1-0"]
[WhiteElo "2907"]
[BlackElo "2682"]
[TimeControl "180+1"]
[EndTime "8:27:23 PDT"]
[Termination "VerdeNotte won by resignation"]

1. Nf3 d5 2. c4 d4 3. b4 f6 4. e3 e5 5. c5 a5 6. Bc4 axb4 7.
Qb3 Nh6 8. O-O Nc6 9. exd4 e4 10.
Re1 f5 11. d3 Nxd4 12. Nxd4 Qxd4 13. Bb2 Qxc5 14. dxe4 f4 15. a3 Ng4 16. Bf7+ Ke7 17. Rf1 Ne5 18. axb4 Rxa1 19. bxc5 Rxb1 20. Rxb1 Nxf7 21.
c6 bxc6 22. Qb8 Bd7 23. Ba3+ Nd6 24. e5 1-0

[Event "Early-Titled-Tuesday-Blitz-August-29-2023"]
[Site "Chess.com"]
[Date "2023.08.29"]
[Round "3"]
[White "LUISMIGUELOV"]
[Black "kinga2008"]
[Result "0-1"]
[WhiteElo "2122"]
[BlackElo "2402"]
[TimeControl "180+1"]
[EndTime "8:27:23 PDT"]
[Termination "kinga2008 won by resignation"]

1. e4 g6 2. d4 Bg7 3. c3 c6 4. Bg5 d5 5. e5 h5 6. f4 Bh6 7. Nf3 Bg4 8. Bxh6 Nxh6 9. h3 Bxf3 10.
Qxf3 e6 11. Bd3 Nd7 12. Nd2 c5 13. dxc5 Nxc5 14. Bb5+ Kf8 15. Bd3 Nf5 16. O-O Qb6 17.
Bxf5 Ne4+ 18. Kh2 Nxd2 19. Qf2 Nxf1+ 20. Qxf1 gxf5 21. c4 Rg8 22. cxd5 Qxb2 23. dxe6 fxe6 24. Rb1 Rxg2+ 25. Qxg2 Qxb1 26. Qg6 Qc2+ 27. Kg3 Qc7 28. Qxe6 Re8 29. Qxf5+ Qf7 30. Qe4 Qg7+ 31. Kh4 Kg8 32. e6 Qf6+ 33. Kxh5 Rxe6 34. Qxb7 Qf5+ 35. Kh4 Qxf4+ 0-1

[Event "Early-Titled-Tuesday-Blitz-August-29-2023"]
[Site "Chess.com"]
[Date "2023.08.29"]
[Round "3"]
[White "Real_taiatai"]
[Black "igorkovalenko"]
[Result "0-1"]
[WhiteElo "2519"]
[BlackElo "2947"]
[TimeControl "180+1"]
[EndTime "8:27:24 PDT"]
[Termination "igorkovalenko won by checkmate"]

1. d4 Nf6 2. c4 e6 3. Nf3 b6 4.
g3 Bb7 5. Bg2 d5 6. O-O dxc4 7.
Qa4+ Nbd7 8. Qxc4 Be7 9. Rd1 O-O 10. Bg5 h6 11. Bf4 Rc8 12. Nc3 a6 13. a4 c5 14.
dxc5 Bxc5 15. Qb3 Qe7 16. Ne5 Nxe5 17. Bxe5 Bxf2+ 18. Kf1 Ng4 19. e4 Bc5 20. Bf4 Nxh2+ 21. Ke2 g5 22. Rh1 Ng4 23. Bf3 gxf4 24. Bxg4 Qg5 25.
Bxe6 f3+ 26. Kd3 fxe6 27. Qxe6+ Kg7 28. Rh4 Rcd8+ 29. Kc2 Rf6 30. Qh3 Rd2+ 31. Kb3 Rg6 32. Rf4 f2 33. Rf1 Qe7 34. Qh5 Qe6+ 35. Nd5 Bxd5+ 36. exd5 Qe3+ 37. Ka2 Qa3+ 38. Kb1 Qxb2# 0-1